AAA EAST
INDIANAPOLIS INDIANS @ IOWA CUBS
07/29/2041
 
TOP OF THE 1ST
Indianapolis Indians batting - Pitching for Iowa Cubs : LHP Chad Edmonds
Pitching: LHP Chad Edmonds
Batting: RHB Steve Jenkins 0-0: Called Strike
0-1: Ball
1-1: Fly out, F8 (Flyball, 8LM, EV 90.6 MPH)
Batting: RHB Johnny Owen 0-0: Called Strike
0-1: Ball
1-1: Fly out, F3 (Popup, 3SF, EV 71.3 MPH)
Batting: LHB Mal Reed 0-0: Ball
1-0: Ground out U3 (Groundball, 3, EV 83.1 MPH)
Top of the 1st over - 0 runs, 0 hits, 0 errors, 0 left on base; Indianapolis 0 - Iowa 0
BOTTOM OF THE 1ST
Iowa Cubs batting - Pitching for Indianapolis Indians : RHP Alex Thompson
Pitching: RHP Alex Thompson
Batting: RHB José Rosário 0-0: Called Strike
0-1: Ball
1-1: Swinging Strike
1-2: Ball
2-2: Foul Ball, location: 2F
2-2: Foul Ball, location: 7LDF
2-2: Ball
3-2: Foul Ball, location: 3FF
3-2: Base on Balls
Batting: RHB Ed Tipton 0-0: Called Strike
José Rosário is caught stealing 2nd base 2-4
0-1: Ball
1-1: Ball
2-1: Ball
3-1: Fly out, F7 (Flyball, 7S, EV 91.3 MPH)
Batting: LHB Joe Walter 0-0: Called Strike
0-1: Ball
1-1: Ground out 5-3 (Groundball, 56, EV 86.3 MPH)
Bottom of the 1st over - 0 runs, 0 hits, 0 errors, 0 left on base; Indianapolis 0 - Iowa 0
TOP OF THE 2ND
Indianapolis Indians batting - Pitching for Iowa Cubs : LHP Chad Edmonds
Batting: RHB José Vargas 0-0: Foul Ball, location: 9LSF
0-1: Foul Ball, location: 2F
0-2: Foul Ball, location: 3FF
0-2: Foul Ball, location: 2F
0-2: Ball
1-2: SINGLE (Groundball, 56D, EV 97.5 MPH)
Batting: RHB César Otero 0-0: Called Strike
José Vargas is caught stealing 2nd base 2-4
0-1: Ball
1-1: Ball
2-1: Ball
3-1: Called Strike
3-2: Foul Ball, location: 5FF
3-2: Foul Ball, location: 2F
3-2: SOLO HOME RUN (Flyball, 78XD, EV 99.4 MPH), Distance : 405 ft
Batting: LHB Jesús Benavidez 0-0: Ball
1-0: Foul Ball, location: 2F
1-1: Foul Ball, location: 5DF
1-2: Fly out, F9 (Flyball, 9S, EV 88.1 MPH)
Batting: RHB Chris Smith 0-0: Swinging Strike
0-1: Ground out 5-3 (Groundball, 56S, EV 88.1 MPH)
Top of the 2nd over - 1 run, 2 hits, 0 errors, 0 left on base; Indianapolis 1 - Iowa 0
BOTTOM OF THE 2ND
Iowa Cubs batting - Pitching for Indianapolis Indians : RHP Alex Thompson
Batting: RHB José Féliz 0-0: Ball
1-0: Called Strike
1-1: Ball
2-1: Ball
3-1: Swinging Strike
3-2: Base on Balls
Batting: LHB Raúl Soto 0-0: Ball
1-0: Foul Ball, location: 5SF
1-1: Foul Ball, location: 5SF
1-2: Ball
2-2: SINGLE (Flyball, 6D, EV 96.3 MPH)
José Féliz to second
Batting: RHB Tony Aguirre 0-0: Called Strike
0-1: DOUBLE (Line Drive, 78XD, EV 104.4 MPH)
José Féliz scores
Raúl Soto to third
Batting: RHB Jimmy Shaw 0-0: Ball
1-0: Single, Error in OF, E9, batter to second base (Line Drive, 9LS, EV 86.9 MPH)
Raúl Soto scores
Tony Aguirre scores
Batting: RHB Víctor Aquino 0-0: Ball
1-0: Called Strike
1-1: Ball
2-1: Sac Bunt to 2L - play at first, batter OUT! 2-3
Jimmy Shaw to third
Batting: RHB Luis Álvarez 0-0: Ball
1-0: Ball
2-0: Ball
3-0: Called Strike
3-1: Fly out, F8 (Line Drive, 8LD, EV 103.1 MPH)
Runner from 3rd tags up, SCORES, throw by CF
Batting: RHB José Rosário 0-0: Called Strike
0-1: Ball
1-1: Called Strike
1-2: Strikes out swinging
Bottom of the 2nd over - 4 runs, 3 hits, 1 error, 0 left on base; Indianapolis 1 - Iowa 4
TOP OF THE 3RD
Indianapolis Indians batting - Pitching for Iowa Cubs : LHP Chad Edmonds
Batting: RHB Benny Williams 0-0: Ball
1-0: Called Strike
1-1: Ball
2-1: Ball
3-1: Called Strike
3-2: Ground out 6-3 (Groundball, 6M, EV 98.8 MPH)
Batting: RHB Manny Martínez 0-0: Called Strike
0-1: Ball
1-1: Called Strike
1-2: Ball
2-2: Foul Ball, location: 9LMF
2-2: Ball
3-2: Foul Ball, location: 3FF
3-2: Base on Balls
Batting: RHB Steve Jenkins 0-0: Foul Ball, location: 5FF
0-1: Called Strike
0-2: Ball
1-2: Strikes out swinging
Batting: RHB Johnny Owen 0-0: Ball
1-0: Called Strike
1-1: Ball
2-1: Called Strike
2-2: Foul Ball, location: 9LSF
2-2: Ball
3-2: Base on Balls
Manny Martínez to second
Batting: LHB Mal Reed 0-0: Fielders Choice at 2nd, 6-4 (Groundball, 6, EV 80.6 MPH)
Top of the 3rd over - 0 runs, 0 hits, 0 errors, 2 left on base; Indianapolis 1 - Iowa 4
BOTTOM OF THE 3RD
Iowa Cubs batting - Pitching for Indianapolis Indians : RHP Alex Thompson
Batting: RHB Ed Tipton 0-0: Called Strike
0-1: Called Strike
0-2: Ball
1-2: Ball
2-2: Fly out, F8 (Flyball, 8RM, EV 83.8 MPH)
Batting: LHB Joe Walter 0-0: Foul Ball, location: 7LMF
0-1: Swinging Strike
0-2: Ball
1-2: Ball
2-2: Foul Ball, location: 23FF
2-2: Fly out, F3 (Popup, 3SF, EV 81.9 MPH)
Batting: RHB José Féliz 0-0: Ball
1-0: Ball
2-0: Ball
3-0: Called Strike
3-1: Foul Ball, location: 25F
3-2: Hit by Pitch
Batting: LHB Raúl Soto 0-0: Called Strike
0-1: Ball
1-1: Swinging Strike
1-2: Foul Ball, location: 7LMF
1-2: Ball
2-2: Ball
3-2: Foul Ball, location: 2F
3-2: Strikes out looking
Bottom of the 3rd over - 0 runs, 0 hits, 0 errors, 1 left on base; Indianapolis 1 - Iowa 4
TOP OF THE 4TH
Indianapolis Indians batting - Pitching for Iowa Cubs : LHP Chad Edmonds
Batting: RHB José Vargas 0-0: Ball
1-0: Ball
2-0: Foul Ball, location: 9LDF
2-1: Ball
3-1: Called Strike
3-2: Foul Ball, location: 7LSFF
3-2: Strikes out swinging
Batting: RHB César Otero 0-0: Fly out, F2 (Popup, 23F, EV 86.3 MPH)
Batting: LHB Jesús Benavidez 0-0: Swinging Strike
0-1: Ball
1-1: Swinging Strike
1-2: Ball
2-2: Strikes out swinging
Top of the 4th over - 0 runs, 0 hits, 0 errors, 0 left on base; Indianapolis 1 - Iowa 4
BOTTOM OF THE 4TH
Iowa Cubs batting - Pitching for Indianapolis Indians : RHP Alex Thompson
Batting: RHB Tony Aguirre 0-0: Ball
1-0: Swinging Strike
1-1: Foul Ball, location: 2F
1-2: Ball
2-2: Strikes out swinging passed ball, reaches first!
Batting: RHB Jimmy Shaw 0-0: Ball
1-0: Ball
2-0: Sac Bunt to 2R - play at first, batter OUT! 2-3
Tony Aguirre to second
Batting: RHB Víctor Aquino 0-0: Called Strike
0-1: Ball
1-1: SINGLE (Flyball, 8RS, EV 98.8 MPH)
Tony Aguirre to third
Runner from 3rd tries for Home, SAFE, throw by CF to home
Batting: RHB Luis Álvarez 0-0: Ball
1-0: Ball
2-0: Foul Ball, location: 2F
2-1: Swinging Strike
2-2: Strikes out swinging
Batting: RHB José Rosário 0-0: Called Strike
0-1: Fielders Choice at 2nd, U4 (Groundball, 4M, EV 102.5 MPH)
Bottom of the 4th over - 1 run, 1 hit, 0 errors, 1 left on base; Indianapolis 1 - Iowa 5
TOP OF THE 5TH
Indianapolis Indians batting - Pitching for Iowa Cubs : LHP Chad Edmonds
Batting: RHB Chris Smith 0-0: Foul Ball, location: 2RF
0-1: Ball
1-1: Called Strike
1-2: Ball
2-2: Ball
3-2: Base on Balls
Batting: RHB Benny Williams 0-0: Foul Ball, location: 3FF
0-1: Ball
1-1: Grounds into double play, 4-6-3 (Groundball, 4, EV 91.3 MPH)
Batting: RHB Manny Martínez 0-0: Ball
1-0: Ground out 4-3 (Groundball, 4, EV 103.1 MPH)
Top of the 5th over - 0 runs, 0 hits, 0 errors, 0 left on base; Indianapolis 1 - Iowa 5
BOTTOM OF THE 5TH
Iowa Cubs batting - Pitching for Indianapolis Indians : RHP Alex Thompson
Batting: RHB Ed Tipton 0-0: Ball
1-0: Called Strike
1-1: Ball
2-1: Ball
3-1: Ground out 6-3 (Groundball, 4MS, EV 79.4 MPH)
Batting: LHB Joe Walter 0-0: DOUBLE (Flyball, 8RXD, EV 109.4 MPH)
Batting: RHB José Féliz 0-0: Ground out 1-3 (Groundball, 13, EV 67.5 MPH)
Batting: LHB Raúl Soto 0-0: Intentional Walk
Batting: RHB Tony Aguirre 0-0: Called Strike
0-1: Swinging Strike
0-2: Fly out, F9 (Flyball, 9S, EV 89.4 MPH)
Bottom of the 5th over - 0 runs, 1 hit, 0 errors, 2 left on base; Indianapolis 1 - Iowa 5
TOP OF THE 6TH
Indianapolis Indians batting - Pitching for Iowa Cubs : LHP Chad Edmonds
Batting: RHB Steve Jenkins 0-0: Ball
1-0: Swinging Strike
1-1: Ball
2-1: Ground out 1-3 (Groundball, 15S, EV 67.5 MPH)
Batting: RHB Johnny Owen 0-0: Fly out, F7 (Line Drive, 7S, EV 85.6 MPH)
Batting: LHB Mal Reed 0-0: DOUBLE (Line Drive, 89D, EV 100.0 MPH)
Batting: RHB José Vargas 0-0: Fly out, F8 (Line Drive, 8RS, EV 90.6 MPH)
Top of the 6th over - 0 runs, 1 hit, 0 errors, 1 left on base; Indianapolis 1 - Iowa 5
BOTTOM OF THE 6TH
Iowa Cubs batting - Pitching for Indianapolis Indians : RHP Alex Thompson
Batting: RHB Jimmy Shaw 0-0: Ball
1-0: DOUBLE (Line Drive, 89M, EV 95.0 MPH)
Batting: RHB Víctor Aquino 0-0: Intentional Walk
Batting: RHB Luis Álvarez 0-0: Grounds into double play, 4-6-3 (Groundball, 4M, EV 84.4 MPH)
Jimmy Shaw to third
Batting: RHB José Rosário 0-0: Ball
1-0: Foul Ball, location: 3DF
1-1: Ball
2-1: SINGLE (Groundball, 6MD, EV 103.8 MPH)
Jimmy Shaw scores
Pitching: RHP Olavo Drdio
Batting: RHB Ed Tipton 0-0: Ball
José Rosário steals 2nd base
1-0: Foul Ball, location: 23F
1-1: Swinging Strike
1-2: Ball
2-2: Ball
3-2: Strikes out swinging
Bottom of the 6th over - 1 run, 2 hits, 0 errors, 1 left on base; Indianapolis 1 - Iowa 6
TOP OF THE 7TH
Indianapolis Indians batting - Pitching for Iowa Cubs : LHP Chad Edmonds
Batting: RHB César Otero 0-0: Called Strike
0-1: Ball
1-1: Ball
2-1: Ball
3-1: Base on Balls
Batting: LHB Jesús Benavidez 0-0: Ball
1-0: Called Strike
1-1: Ball
2-1: Ball
3-1: Base on Balls
César Otero to second
Batting: RHB Chris Smith 0-0: Ball
1-0: Swinging Strike
1-1: Ball
2-1: Grounds into double play, 5-4-3 (Groundball, 56, EV 92.5 MPH)
César Otero to third
Batting: RHB Benny Williams 0-0: Ball
1-0: Single, Error in OF, E8, batter to second base (Groundball, 4MD, EV 95.0 MPH)
César Otero scores
Batting: RHB Manny Martínez 0-0: Ground out U3 (Groundball, 34, EV 85.0 MPH)
Top of the 7th over - 1 run, 1 hit, 1 error, 1 left on base; Indianapolis 2 - Iowa 6
BOTTOM OF THE 7TH
Iowa Cubs batting - Pitching for Indianapolis Indians : RHP Olavo Drdio
Batting: LHB Joe Walter 0-0: Ball
1-0: Ball
2-0: Ball
3-0: Base on Balls
Batting: RHB José Féliz 0-0: Called Strike
0-1: Ball
1-1: Fly out, F8 (Flyball, 8LD, EV 92.5 MPH)
Batting: LHB Raúl Soto 0-0: Fielders Choice at 2nd, 1-4 (Groundball, 15S, EV 73.8 MPH)
Batting: RHB Tony Aguirre 0-0: Ball
1-0: Foul Ball, location: 2F
1-1: 2-RUN HOME RUN (Flyball, 9D, EV 98.1 MPH), Distance : 371 ft
Batting: RHB Jimmy Shaw 0-0: Ball
1-0: Ball
2-0: Called Strike
2-1: SINGLE (Groundball, 34D, EV 95.0 MPH)
Batting: RHB Víctor Aquino 0-0: Ball
1-0: Ball
2-0: Called Strike
2-1: Called Strike
2-2: Ball
3-2: Fly out, F8 (Line Drive, 8LM, EV 90.6 MPH)
Bottom of the 7th over - 2 runs, 2 hits, 0 errors, 1 left on base; Indianapolis 2 - Iowa 8
TOP OF THE 8TH
Indianapolis Indians batting - Pitching for Iowa Cubs : LHP Chad Edmonds
Batting: RHB Steve Jenkins 0-0: Ball
1-0: SINGLE (Groundball, 34D, EV 98.8 MPH)
Pitching: LHP Juan Sousa
Batting: RHB Johnny Owen 0-0: Foul Ball, location: 2F
0-1: Ball
1-1: Grounds into double play, 6-4-3 (Groundball, 6, EV 95.6 MPH)
Batting: LHB Mal Reed 0-0: Ball
1-0: Foul Ball, location: 2F
1-1: Ball
2-1: Ball
3-1: Foul Ball, location: 2F
3-2: Foul Ball, location: 2F
3-2: Strikes out swinging
Top of the 8th over - 0 runs, 1 hit, 0 errors, 0 left on base; Indianapolis 2 - Iowa 8
BOTTOM OF THE 8TH
Iowa Cubs batting - Pitching for Indianapolis Indians : RHP Olavo Drdio
Batting: RHB Luis Álvarez 0-0: Swinging Strike
0-1: Fly out, F7 (Flyball, 7, EV 83.1 MPH)
Batting: RHB José Rosário 0-0: Called Strike
0-1: Foul Ball, location: 9LSF
0-2: Ground out 4-3 (Groundball, 4, EV 83.8 MPH)
Batting: RHB Ed Tipton 0-0: Ball
1-0: Fly out, F4 (Popup, 4S, EV 68.8 MPH)
Bottom of the 8th over - 0 runs, 0 hits, 0 errors, 0 left on base; Indianapolis 2 - Iowa 8
TOP OF THE 9TH
Indianapolis Indians batting - Pitching for Iowa Cubs : LHP Juan Sousa
Batting: RHB José Vargas 0-0: DOUBLE (Line Drive, 78D, EV 108.1 MPH)
Batting: RHB César Otero 0-0: Ball
1-0: Called Strike
1-1: Ball
2-1: Called Strike
2-2: Ball
3-2: Fly out, F7 (Flyball, 78D, EV 106.3 MPH)
Batting: LHB Jesús Benavidez 0-0: Swinging Strike
0-1: Ball
1-1: Called Strike
1-2: Strikes out swinging
Batting: RHB Chris Smith 0-0: Ball
1-0: Called Strike
1-1: Ball
2-1: Foul Ball, location: 5FF
2-2: Foul Ball, location: 2F
2-2: Strikes out swinging
Top of the 9th over - 0 runs, 1 hit, 0 errors, 1 left on base; Indianapolis 2 - Iowa 8
Monday, April 1st , 2024 - OOTP Baseball 24.10 Build 82